 Dungeon Crawl Stone Soup version 0.22-a0-750-ga7dcef7 (webtiles) character file.

1437 sking99 the Martial Artist (level 8, -11/55 HPs)
             Began as an Octopode Transmuter on July 15, 2018.
             Was a Follower of Okawaru.
             Mangled by Blork the orc
             ... wielding a +0 halberd
              (13 damage)
             ... on level 6 of the Dungeon.
             The game lasted 00:17:22 (8705 turns).

sking99 the Martial Artist (Octopode Transmuter)    Turns: 8705, Time: 00:17:22

Health: -11/55     AC:  1    Str:  9    XL:     8   Next: 74%
Magic:  7/11       EV: 14    Int: 16    God:    Okawaru [*.....]
Gold:   217        SH:  0    Dex: 14    Spells: 4/11 levels left

rFire    . . .     SeeInvis .     - Unarmed
rCold    . . .     Gourm    .   (no shield)
rNeg     . . .     Faith    .   (helmet restricted)
rPois    .         Spirit   .   (no amulet)
rElec    .         Reflect  .   (no ring)
rCorr    .         Harm     .   (no ring)
MR       .....                  (no ring)
Stlth    ++........             (no ring)
HPRegen  0.18/turn              (no ring)
MPRegen  0.12/turn              (no ring)
                                (no ring)
                                (no ring)

@: very slightly contaminated
A: almost no armour, stealthy swim, amphibious, 8 rings, constrict 8, camouflage
1, gelatinous body 1
a: Heroism, Renounce Religion


You were on level 6 of the Dungeon.
You worshipped Okawaru.
Okawaru was aware of your devotion.
You were very hungry.

You visited 2 branches of the dungeon, and saw 7 of its levels.

You collected 217 gold pieces.

Inventory:

Missiles
 a - 140 arrows
Wands
 g - a wand of iceblast (8)
 l - a wand of paralysis (31)
Scrolls
 b - a scroll of amnesia
 d - a scroll of teleportation
 h - 3 scrolls of blinking
 i - a scroll of remove curse
 k - a scroll of enchant armour
 r - 2 scrolls of identify
Potions
 e - 2 potions of cancellation
 f - 2 potions of brilliance
 j - 4 potions of flight
 m - 2 potions of lignification
 n - a potion of resistance
 o - a potion of berserk rage {unknown}
 q - a potion of curing
Comestibles
 c - 13 rations


   Skills:
 + Level 5.0 Fighting
 - Level 2.6 Dodging
 * Level 8.6 Unarmed Combat
 - Level 2.0 Spellcasting
 - Level 4.0 Transmutations
 - Level 2.0 Poison Magic


You had 4 spell levels left.
You knew the following spells:

 Your Spells              Type           Power        Failure   Level  Hunger
a - Blink                 Tloc           N/A          30%         2    ###....
b - Sticks to Snakes      Tmut           ##......     6%          2    ###....
c - Spider Form           Tmut/Pois      ##........   19%         3    ###....

Your spell library contained the following spells:

 Spells                   Type           Power        Failure   Level  Hunger
 Magic Dart               Conj           #...         21%         1    #......
 Conjure Flame            Conj/Fire      #.......     52%         3    ###....
 Slow                     Hex            #.......     30%         2    ###....
 Mephitic Cloud           Conj/Pois/Air  #.......     43%         3    ###....
 Call Imp                 Summ           #.......     30%         2    ###....
 Blade Hands              Tmut           ##........   73%         5    ######.
 Ice Form                 Ice/Tmut       #.......     65%         4    #####..
 Beastly Appendage        Tmut           ##....       4%          1    #......


Dungeon Overview and Level Annotations

Branches:
Dungeon (6/15)             Temple (1/1) D:4

Altars:
Cheibriados
Dithmenos
Elyvilon
Fedhas
Gozag
Hepliaklqana
Kikubaaqudgha
Makhleb
Okawaru
Ru
Sif Muna
Trog
Uskayaw
Wu Jian
Yredelemnul
Zin
The Shining One

Annotations:
D:6 Blork the orc


Innate Abilities, Weirdness & Mutations

You cannot wear most types of armour.
You are very stealthy in the water. (Stealth+)
You are amphibious.
You can wear up to eight rings at the same time.
You can use your tentacles to constrict eight enemies at once.
Your skin changes colour to match your surroundings (Stealth+).
Your rubbery body absorbs attacks. (AC +1, EV +1)


Message History

You see here a stone.
The hobgoblin throws a stone.
The stone hits you.
* * * LOW HITPOINT WARNING * * *
There is an open door here.
You see here a stone.
Your transformation has ended.
Blork the orc casts a spell.
Blork the orc seems to speed up.
Blork the orc looks encouraged for a moment.
The hobgoblin throws a stone.
The stone barely misses you.
You see here an uncursed shortbow.
Blork the orc hits you from afar with a halberd!
* * * LOW HITPOINT WARNING * * *
There is an open door, spattered with blood here.
Okay, then.
You close the door.
Blork the orc opens the door.
You close the door.
Blork the orc opens the door.
You close the door.
Blork the orc opens the door.
Blork the orc hits you from afar with a halberd!
You die...

##########'#####+##..#.....#..###
# #.....#......#.....'.## #
#.....#.(....g.[...### ######
#.....#...(.g#(....# ≈.. )....#
##..######...#.....# ≈≈.
.....######'######...#.....## ≈.
..)..#..##.......#...#.....g## ≈.
.....#...........#o..#..(..#.###.
.....#..........@'...#.....#..##.
.....#...........#...#.....#.....
.....#...........#...+.....#..((.
.....##'##..#######+##.....#.....
.........#### .......#'##.#
.........# ...#+##....#.#
###'#....# ... #....#..
#...#....# #....#.. #...#........
#....'..


You could see Blork the orc.

Vanquished Creatures
  Duvessa (D:6)
  An ice beast (D:6)
  2 ogres
  A centaur (D:6)
  A gnoll sergeant (D:5)
  2 bullfrogs
  Dowan (D:6)
  A scorpion (D:5)
  A howler monkey (D:4)
  A bullfrog zombie (D:3)
  A bullfrog skeleton (D:4)
  3 centaur skeletons (D:4)
  An orc priest (D:4)
  A hound (D:6)
  4 orc wizards
  4 worker ants
  Robin (D:2)
  5 adders
  9 gnolls
  2 worms
  4 dart slugs
  5 leopard geckos
  17 orcs
  A ball python (D:4)
  3 giant cockroaches
  13 goblins
  7 hobgoblins
  3 jackals (D:3)
  3 kobolds (D:1)
  4 quokkas
  6 bats
  4 frilled lizards
  A jackal skeleton (D:5)
  3 rats
117 creatures vanquished.

Notes
Turn   | Place    | Note
-------+----------+-------------------------------------------
     0 | D:1      | sking99 the Octopode Transmuter began the quest for the Orb.
     0 | D:1      | Reached XP level 1. HP: 13/13 MP: 3/3
   476 | D:1      | Reached XP level 2. HP: 18/18 MP: 5/5
   502 | D:1      | Learned a level 2 spell: Sticks to Snakes
  1718 | D:2      | Reached XP level 3. HP: 14/23 MP: 4/6
  2137 | D:2      | Noticed Robin
  2182 | D:2      | Killed Robin
  2182 | D:2      | Reached skill level 4 in Unarmed Combat
  2445 | D:1      | Learned a level 3 spell: Spider Form
  2472 | D:1      | Reached XP level 4. HP: 23/29 MP: 4/7
  3536 | D:3      | Reached skill level 1 in Poison Magic
  3665 | D:3      | Reached XP level 5. HP: 34/34 MP: 1/8
  4214 | D:3      | Reached skill level 5 in Unarmed Combat
  4382 | D:3      | Reached XP level 6. HP: 38/39 MP: 4/9
  5397 | D:4      | Reached skill level 6 in Unarmed Combat
  5397 | D:4      | Reached XP level 7. HP: 13/45 MP: 7/10
  5846 | D:4      | Found a staircase to the Ecumenical Temple.
  5881 | Temple   | Entered the Ecumenical Temple
  6099 | Temple   | Became a worshipper of Warmaster Okawaru
  6263 | D:4      | Found a blossoming altar of Fedhas.
  6566 | D:5      | Entered Level 5 of the Dungeon
  6566 | D:5      | Found a hide-covered altar of Uskayaw.
  7120 | D:5      | Reached skill level 7 in Unarmed Combat
  7552 | D:5      | Reached XP level 8. HP: 54/54 MP: 7/11
  7738 | D:5      | Learned a level 2 spell: Blink
  7930 | D:5      | Reached * piety under Okawaru
  8233 | D:6      | Noticed Duvessa
  8234 | D:6      | Noticed Dowan
  8247 | D:6      | Killed Duvessa
  8251 | D:6      | Killed Dowan
  8251 | D:6      | Reached skill level 8 in Unarmed Combat
  8587 | D:6      | Noticed Blork the orc
  8691 | D:6      | Reached skill level 5 in Fighting
  8701 | D:6      | HP: 2/55 [Blork the orc/halberd (14)]
  8705 | D:6      | Mangled by Blork the orc

Vault maps used:
D:1:      evilmike_arrival_crescent
D:2:      uniq_robin
D:3:      first_ration
D:4:      lemuel_round_altar, minmay_temple_entry_enclosed_plants
D:5:      lemuel_crystal_altar
D:6:      ashenzari_conservatory_becter, trog_hazing_becter, uniq_blork_the_orc,
          uniq_duvessa
Temple:   regret_index_temple_generic_petals

Skill      XL: |  1  2  3  4  5  6  7  8 |
---------------+-------------------------+-----
Unarmed Combat | 4 5 6 7 8 |  8.6
Poison Magic   | 1 2 |  2.0
Transmutations | 3 4 |  4.0
Fighting       | 2 3 5 |  5.0
Dodging        | |  2.6
Spellcasting   | |  2.0

Action                   |  1- 3 |  4- 6 |  7- 9 || total
-------------------------+-------+-------+-------++-------
Melee: Unarmed           |    81 |   137 |   121 ||   339
       Constrict         |    17 |    12 |     1 ||    30
       Tentacles         |     9 |    10 |     2 ||    21
       Kick              |     6 |     3 |       ||     9
       Punch             |       |     3 |       ||     3
 Cast: Beastly Appendage |    10 |     3 |       ||    13
       Sticks to Snakes  |     1 |       |     3 ||     4
       Spider Form       |       |    16 |    24 ||    40
  Use: Scroll            |       |    12 |     6 ||    18
       Potion            |       |     2 |       ||     2
 Stab: Sleeping          |     3 |     2 |       ||     5
       Distracted        |       |     1 |       ||     1
  Eat: Chunk             |     4 |    12 |    13 ||    29
Armor: Skin              |     6 |     5 |     4 ||    15
Dodge: Dodged            |    58 |   103 |   122 ||   283

Table legend:
 A = Spawn XP
 B = Non-spawn XP
 C = Spawn XP percentage of total XP
 D = Spawn monster count
 E = Non-spawn monster count
 F = Spawn count percentage of total count
 G = Total turns spent on level
                    A         B        C        D         E        F      G
               +---------+---------+-------+---------+---------+-------+---------
         Total |       0 |    2053 |   0.0 |       0 |     117 |   0.0 |  8705
               +---------+---------+-------+---------+---------+-------+---------
           D:1 |       0 |      31 |   0.0 |       0 |      16 |   0.0 |  1766
           D:2 |       0 |      64 |   0.0 |       0 |      18 |   0.0 |  1438
           D:3 |       0 |     290 |   0.0 |       0 |      37 |   0.0 |  1883
           D:4 |       0 |     529 |   0.0 |       0 |      19 |   0.0 |  1735
           D:5 |       0 |     545 |   0.0 |       0 |      16 |   0.0 |  1044
           D:6 |       0 |     594 |   0.0 |       0 |      11 |   0.0 |   603
               +---------+---------+-------+---------+---------+-------+---------
